 Dungeon Crawl Stone Soup version 0.23-a0-303-gfcac5de (webtiles) character file.

6960 galech the Cleaver (level 10, 0/77 HPs)
             Began as a Demonspawn Fighter on Oct 8, 2018.
             Was an Elder of Okawaru.
             Killed from afar by a manticore (9 damage)
             ... with a volley of spikes
             ... on level 10 of the Dungeon.
             The game lasted 00:13:19 (9657 turns).

galech the Cleaver (Demonspawn Fighter)             Turns: 9657, Time: 00:13:19

Health: 0/77       AC: 16    Str: 18    XL:     10   Next: 81%
Magic:  10/11      EV:  2    Int:  9    God:    Okawaru [****..]
Gold:   552        SH:  0    Dex: 15    Spells: 9/9 levels left

rFire    . . .     SeeInvis .   R - +1 hand axe (flame)
rCold    + . .     Gourm    .   c - +0 shield
rNeg     + + +     Faith    .   B - +1 scale mail {rC+}
rPois    ∞         Spirit   .   O - +0 helmet
rElec    .         Reflect  .   L - +0 cloak
rCorr    .         Harm     +   Q - +0 pair of gloves
MR       .....                  N - +0 pair of boots
Stlth    ++........             u - amulet of harm
HPRegen  0.22/turn              (no ring)
MPRegen  0.12/turn              (no ring)

@: petrified, heroism, barbed spikes
A: demonic guardian 1, spiny 2, sturdy frame 2
a: Heroism, Renounce Religion


You were on level 10 of the Dungeon.
You worshipped Okawaru.
Okawaru was greatly pleased with you.
You were not hungry.

You visited 1 branch of the dungeon, and saw 10 of its levels.
You also visited: Ossuary.

You collected 552 gold pieces.

Inventory:

Hand Weapons
 a - a +0 war axe
 w - a +3 hand axe
 P - a +2 scimitar of flaming
 R - a +1 hand axe of flaming (weapon)
Armour
 c - a +0 shield (worn)
 B - a +1 scale mail of cold resistance (worn)
 L - a +0 cloak (worn)
 N - a +0 pair of boots (worn)
 O - a +0 helmet (worn)
 Q - a +0 pair of gloves (worn)
Jewellery
 m - an uncursed ring of fire
 u - an amulet of harm (around neck)
 x - an uncursed ring of fire
Wands
 A - a wand of digging (14)
 J - a wand of enslavement (16)
Scrolls
 b - 2 scrolls of magic mapping
 g - 6 scrolls of remove curse
 k - 2 scrolls of fear
 n - 2 scrolls of enchant weapon
 o - 3 scrolls of immolation
 q - 3 scrolls of enchant armour
 t - a scroll of teleportation
 y - 7 scrolls of identify
 z - a scroll of noise {unknown}
 E - a scroll of fog {unknown}
 F - 2 scrolls of amnesia {unknown}
 H - 2 scrolls of brand weapon {unknown}
 K - a scroll of silence {unknown}
Potions
 d - a potion of might
 e - 2 potions of flight {unknown}
 h - 2 potions of heal wounds
 i - a potion of magic {unknown}
 j - 2 potions of lignification {unknown}
 l - a potion of resistance {unknown}
 p - 2 potions of agility {unknown}
 r - 4 potions of haste
 s - a potion of ambrosia {unknown}
 v - 4 potions of degeneration
 C - 4 potions of curing
 D - 2 potions of cancellation {unknown}
 G - 3 potions of brilliance {unknown}
 I - a potion of mutation {unknown}
Comestibles
 f - 23 rations
 M - 9 chunks of flesh


   Skills:
 + Level 6.8(11.8) Fighting
 + Level 10.0(15.0) Axes
 + Level 6.9(11.9) Armour
 + Level 3.2(8.2) Dodging
 + Level 2.1(7.1) Stealth
 + Level 7.3(12.3) Shields
 + Level 1.6 Invocations


You had 9 spell levels left.
You didn't know any spells.
Your spell library contained the following spells:

 Spells                   Type           Power        Failure   Level  Hunger
 Freeze                   Ice            #...         61%         1    ##.....
 Magic Dart               Conj           #...         61%         1    ##.....
 Searing Ray              Conj           #.....       75%         2    ###....
 Throw Frost              Conj/Ice       #.....       75%         2    ###....
 Dazzling Spray           Conj/Hex       #.....       93%         3    ####...
 Ozocubu's Armour         Chrm/Ice       #.......     93%         3    ####...
 Force Lance              Conj/Tloc      #.......     100%        4    #####..
 Fulminant Prism          Conj/Hex       #.........   100%        4    #####..
 Iskenderun's Mystic Bla  Conj           #.......     100%        4    #####..
 Summon Ice Beast         Ice/Summ       #.......     100%        4    #####..
 Throw Icicle             Conj/Ice       #.......     100%        4    #####..


Dungeon Overview and Level Annotations

Branches:
Dungeon (10/15)            Temple (0/1) D:5
   Lair: D:8-11         Orc: D:9-12

Altars:
Fedhas
Gozag
Hepliaklqana
Kikubaaqudgha
Nemelex Xobeh
Okawaru
Qazlal
Ru
Sif Muna
Trog
Uskayaw
Vehumet
Yredelemnul
The Shining One

Shops:
D:7 =

Annotations:
D:4 3 runed doors, CasualChangeling's ghost, amateur DrWn


Innate Abilities, Weirdness & Mutations

A weak demonic guardian rushes to your aid.
You are mostly covered in sharp spines.
Your movements are less encumbered by armour. (ER -4)


Message History

You are engulfed in calcifying dust.
Your limbs have turned to stone.
The catoblepas gores you!
* * * LOW HITPOINT WARNING * * *
The catoblepas breathes a plume of calcifying dust at you.
The blast of calcifying dust hits you!
* * * LOW HITPOINT WARNING * * *
You have turned to stone.
You are engulfed in calcifying dust.
The manticore is no longer petrified.
Your iron imp hits the catoblepas but does no damage.
The manticore flicks its tail.
Helpless, you fail to dodge the volley of spikes.
The barbed spikes become lodged in your body.
* * * LOW HITPOINT WARNING * * *
The catoblepas breathes a plume of calcifying dust at you.
The blast of calcifying dust hits you!
You are engulfed in calcifying dust.
The manticore flicks its tail.
The volley of spikes hits you!
The barbed spikes become lodged in your body.
You die...

#.#......... #.#
#........... #### ...
####..........
#...##.##...#..........
#.$≈≈#.#≈≈$.#..........
#.≈..≈.≈..≈.#..........
#≈.....§H≈##.....(....
#≈.≈≈§.≈##.(....[....
#..≈@≈.!#............
##≈5Y≈≈.≈##...........
##≈.......≈##........
#.≈..≈.≈..≈.#........
#.$≈≈#'#≈≈$.#.#+#####
#...##.##...#.#.####
#####...#####......#
##.............+
###.#####.....#


You could see a catoblepas, a manticore and a friendly iron imp (petrifying).

Vanquished Creatures
  Erica (D:9)
  A hydra (D:10)
  A two-headed ogre (D:8)
  Prince Ribbit (D:7)
  A dream sheep (D:10)
  A wraith (Ossuary)
  2 yaks (D:10)
  2 orc warriors (D:7)
  3 ice beasts
  A hornet zombie (D:9)
  A black bear (D:8)
  2 phantoms
  3 sky beasts
  A necrophage (D:8)
  2 centaurs
  An ogre (D:9)
  4 big kobolds
  4 bullfrogs
  A wyvern zombie (D:10)
  A scorpion (D:8)
  5 killer bees (D:8)
  6 wights
  2 electric eels (D:10)
  2 howler monkeys
  5 crimson imps
  5 hounds
  A centaur skeleton (D:7)
  4 orc priests
  A bullfrog skeleton (D:2)
  5 orc wizards
  6 worker ants
  Ijyb (D:5)
  2 iguanas
  A hound zombie (D:5)
  A hound skeleton (D:7)
  A mummy (Ossuary)
  A howler monkey zombie (D:6)
  7 adders
  2 gnolls (D:4)
  3 shadow imps
  A worm zombie (D:7)
  3 worms
  A dart slug (D:1)
  6 leopard geckos
  42 orcs
  6 giant cockroaches
  2 goblins
  3 hobgoblins
  2 jackals (D:2)
  21 kobolds
  3 quokkas
  5 bats (D:1)
  3 frilled lizards
  7 gnoll skeletons (Ossuary)
  A jackal skeleton (D:5)
  7 kobold skeletons (Ossuary)
  A leopard gecko skeleton (D:6)
  11 orc skeletons (Ossuary)
  A quokka skeleton (D:4)
  2 rats
223 creatures vanquished.

Vanquished Creatures (collateral kills)
  A dream sheep (D:10)
  A wyvern (D:4)
  2 ogres
  A centaur (D:8)
  A big kobold (D:9)
  A howler monkey (D:4)
  A hound (D:4)
  An orc wizard (D:4)
  An iguana (D:8)
  A worker ant (D:3)
  A gnoll (D:4)
  An adder (D:4)
  A leopard gecko (D:3)
  3 orcs
  A giant cockroach (D:4)
18 creatures vanquished.

Grand Total: 241 creatures vanquished

Notes
Turn   | Place    | Note
-------+----------+-------------------------------------------
     0 | D:1      | galech the Demonspawn Fighter began the quest for the Orb.
     0 | D:1      | Reached XP level 1. HP: 18/18 MP: 1/1
   175 | D:1      | Gained mutation: You are partially covered in sharp spines.
                  | [demonic ancestry]
   175 | D:1      | Reached XP level 2. HP: 24/24 MP: 2/2
  1124 | D:2      | Reached skill level 2 in Axes
  1124 | D:2      | Reached XP level 3. HP: 20/29 MP: 3/3
  1222 | D:2      | Reached skill level 1 in Dodging
  1222 | D:2      | Gained mutation: A weak demonic guardian rushes to your
                  | aid. [demonic ancestry]
  1222 | D:2      | Reached XP level 4. HP: 15/35 MP: 4/4
  1607 | D:2      | Found a hide-covered altar of Uskayaw.
  2055 | D:2      | Found a sparkling altar of Nemelex Xobeh.
  2188 | D:3      | Reached skill level 3 in Axes
  2188 | D:3      | Reached XP level 5. HP: 15/41 MP: 5/5
  2308 | D:3      | Found a deep blue altar of Sif Muna.
  2351 | D:3      | Reached skill level 4 in Axes
  2351 | D:3      | Gained mutation: You are mostly covered in sharp spines.
                  | [demonic ancestry]
  2351 | D:3      | Reached XP level 6. HP: 10/48 MP: 6/6
  3051 | D:4      | Found a radiant altar of Vehumet.
  3058 | D:4      | Got a shimmering short sword
  3059 | D:4      | Identified the cursed +3 short sword "Joniek" {drain, rPois
                  | MR+ Int+3} (You found it on level 4 of the Dungeon)
  3214 | D:4      | Found a runed gate.
  3215 | D:4      | Noticed CasualChangeling's ghost (amateur DrWn)
  3216 | D:4      | Found a runed gate.
  3216 | D:4      | Found a runed gate.
  3385 | D:4      | Noticed a wyvern
  3392 | D:4      | Killed a wyvern
  3392 | D:4      | Reached XP level 7. HP: 29/54 MP: 7/7
  3722 | D:4      | Found an iron altar of Okawaru.
  3734 | D:4      | Reached skill level 5 in Axes
  3739 | D:4      | Became a worshipper of Warmaster Okawaru
  3949 | D:5      | Entered Level 5 of the Dungeon
  4018 | D:5      | Found a staircase to the Ecumenical Temple.
  4188 | D:5      | Noticed Ijyb
  4207 | D:5      | Killed Ijyb
  4350 | D:5      | Reached skill level 6 in Axes
  4350 | D:5      | Gained mutation: Your movements are slightly less
                  | encumbered by armour. (ER -2) [demonic ancestry]
  4350 | D:5      | Reached XP level 8. HP: 43/61 MP: 8/8
  4698 | D:6      | Found an opulent altar of Gozag.
  4839 | D:6      | Reached * piety under Okawaru
  5331 | D:7      | Noticed Prince Ribbit
  5337 | D:7      | Killed Prince Ribbit
  5337 | D:7      | Reached skill level 7 in Axes
  5337 | D:7      | Reached skill level 5 in Armour
  5337 | D:7      | Reached skill level 5 in Shields
  5341 | D:7      | Found an ancient bone altar of Kikubaaqudgha.
  5385 | D:7      | Found a sand-covered staircase.
  5401 | Ossuary  | Entered an ossuary
  5457 | Ossuary  | Reached skill level 1 in Stealth
  5626 | Ossuary  | Reached ** piety under Okawaru
  5708 | D:7      | Reached skill level 5 in Fighting
  5753 | D:7      | Found Vaojus's Jewellery Boutique.
  5831 | D:7      | Found a bloodstained altar of Trog.
  5863 | D:6      | Noticed a rust devil
  5863 | D:6      | Noticed a rust devil
  6105 | D:7      | Reached XP level 9. HP: 52/68 MP: 9/9
  6431 | D:7      | Found a glowing golden altar of the Shining One.
  6689 | D:7      | Reached skill level 8 in Axes
  7489 | D:8      | Reached *** piety under Okawaru
  7534 | D:8      | Noticed a two-headed ogre
  7539 | D:8      | Reached skill level 9 in Axes
  7807 | D:8      | Killed a two-headed ogre
  7807 | D:8      | Gained mutation: Your movements are less encumbered by
                  | armour. (ER -4) [demonic ancestry]
  7807 | D:8      | Reached XP level 10. HP: 36/76 MP: 8/10
  8220 | D:8      | Found a hazy altar of Hepliaklqana.
  8223 | D:8      | Found a basalt altar of Yredelemnul.
  8400 | D:9      | Found a blossoming altar of Fedhas.
  8418 | D:9      | Found a sacrificial altar of Ru.
  8678 | D:9      | Noticed Erica
  8690 | D:9      | Killed Erica
  8905 | D:9      | Found a stormy altar of Qazlal.
  8958 | D:10     | Entered Level 10 of the Dungeon
  9508 | D:10     | Reached skill level 1 in Invocations
  9515 | D:10     | Reached **** piety under Okawaru
  9595 | D:10     | Noticed a two-headed hydra
  9602 | D:10     | Killed a one-headed hydra
  9602 | D:10     | Reached skill level 10 in Axes
  9641 | D:10     | Noticed a catoblepas
  9642 | D:10     | Noticed a manticore
  9657 | D:10     | Killed from afar by a manticore

Vault maps used:
D:1:      erik_arrival_cave_to_civilisation
D:2:      old_standard_altar, old_standard_altar
D:3:      nicolae_overflow_crystal_walls
D:4:      old_standard_altar, okawaru_trees_1, ebering_ghost_rock_garden,
          kennysheep_nondescript
D:5:      minmay_temple_entry_purple_smoke, first_ration, uniq_ijyb
D:6:      cheibrodos_iron_armory, basic_altar
D:7:      kiku_gazebo_pond_becter, grunt_temple_overflow_open, serial_shops,
          nicolae_shop_temple_entry_statues_fountains, enter_ossuary_3,
          uniq_prince_ribbit1
D:8:      nicolae_overflow_hidden_temple
D:9:      grunt_temple_overflow_forces_of_nature, nicolae_ru_awakened_eye,
          uniq_erica
D:10:     nzn_motion_control, lair_entry_dummy, serial_bayou,
          serial_bayou_lagoon_b, serial_bayou_shore_a, serial_bayou_ford_a,
          serial_bayou_shore_b, enter_trove_2, hangedman_ranch,
          minmay_liquid_box
Ossuary:  ossuary_due_mausoleum

Skill      XL: |  1  2  3  4  5  6  7  8  9 10 |
---------------+-------------------------------+-----
Armour         | 3 4 5 6 |  6.9
Shields        | 3 4 5 6 7 |  7.3
Axes           | 2 3 4 6 7 9 10 | 10.0
Dodging        | 1 2 3 |  3.2
Fighting       | 4 5 6 |  6.8
Stealth        | 1 2 |  2.1
Invocations    | 1 |  1.6

Action                   |  1- 3 |  4- 6 |  7- 9 | 10-12 || total
-------------------------+-------+-------+-------+-------++-------
Melee: War axe           |    72 |    48 |       |       ||   120
       Hand axe          |       |    48 |   335 |   137 ||   520
Invok: Heroism           |       |       |     3 |     3 ||     6
  Use: Scroll            |       |     5 |     5 |       ||    10
       Potion            |       |       |     4 |       ||     4
 Stab: Distracted        |       |       |     2 |       ||     2
  Eat: Chunk             |     1 |     7 |    14 |     6 ||    28
Armor: Scale mail        |    25 |    26 |    69 |    26 ||   146
Dodge: Dodged            |    24 |    23 |    86 |    32 ||   165
Block: Shield            |    34 |    52 |   157 |    51 ||   294

Table legend:
 A = Non-vault XP
 B = Vault XP
 C = Vault XP percentage of total XP
 D = Non-vault monster count
 E = Vault monster count
 F = Vault count percentage of total count
                 A         B        C        D         E       F
            +---------+---------+-------+---------+---------+-------
      Total |    6500 |    3444 |  34.6 |     202 |      39 |  16.2
            +---------+---------+-------+---------+---------+-------
        D:1 |      29 |       0 |   0.0 |      15 |       0 |   0.0
        D:2 |     123 |       0 |   0.0 |      23 |       0 |   0.0
        D:3 |     280 |       0 |   0.0 |      18 |       0 |   0.0
        D:4 |     448 |       0 |   0.0 |      21 |       0 |   0.0
        D:5 |     572 |      36 |   5.9 |      22 |       1 |   4.3
        D:6 |     506 |       0 |   0.0 |      15 |       0 |   0.0
        D:7 |     924 |     241 |  20.7 |      29 |       2 |   6.5
        D:8 |    2251 |       0 |   0.0 |      30 |       0 |   0.0
        D:9 |     876 |     929 |  51.5 |      22 |       1 |   4.3
       D:10 |     491 |    2000 |  80.3 |       7 |       8 |  53.3
    Ossuary |       0 |     238 | 100.0 |       0 |      27 | 100.0
            +---------+---------+-------+---------+---------+-------
